 Dungeon Crawl Stone Soup version 0.31.0-11-ge490571c62 (webtiles) character file.

Game seed: 17953292210375888008

112 Gadfly the Ruffian (level 4, -11/33 HPs)
             Began as a Demonspawn Shapeshifter on Jan 27, 2024.
             Mangled by a gnoll
             ... wielding a +0 halberd
              (14 damage)
             ... on level 3 of the Dungeon.
             The game lasted 00:02:34 (1613 turns).

Gadfly the Ruffian (Demonspawn Shapeshifter)        Turns: 1613, Time: 00:02:35

Health: -11/33     AC:  6    Str: 16    XL:     4   Next: 63%
Magic:  4/4        EV: 12    Int: 11    God:
Gold:   177        SH:  4    Dex: 12    Spells: 3/3 levels left

rFire   . .          .
                       - Unarmed
rCold   . . .        (no shield)
rNeg    . . .        a - +0 animal skin
rPois   .            (helmet currently unavailable)
rElec   .            (cloak currently unavailable)
rCorr   .            f - melded +0 pair of gloves of Proximity {rPois rCorr Dex+4}
SInv    .            (boots currently unavailable)
Will    .....        (no amulet)
Stlth   +            (no ring)
HPRegen 0.25/turn    (no ring)
MPRegen 0.09/turn

%: no passive effects
@: beast-form, attractive, invisible
A: beast (slay +1), icemail 1, condensation shield
a: Begin Untransformation


You were on level 3 of the Dungeon.
You were a hulking beast.
You visited 1 branch of the dungeon, and saw 3 of its levels.

You collected 177 gold pieces.

Inventory:

Armour
 a - a +0 animal skin (worn)
 f - the +0 pair of gloves of Proximity (melded) {rPois rCorr Dex+4}
   (You found it on level 3 of the Dungeon)

   Dex+4:     It affects your dexterity (+4).
   rPois:     It protects you from poison rCorr: It protects you from acid and
   corrosion.
Talismans
 c - a beast talisman (active)
 d - a flux talisman
 e - a dragon-blood talisman
Scrolls
 g - a scroll of teleportation
 h - a scroll of enchant armour
 j - a scroll of amnesia {unknown}
Potions
 b - a potion of lignification


   Skills:
 + Level 2.1 Fighting
 * Level 2.6 Dodging
 + Level 3.2 Unarmed Combat
 * Level 1.9 Evocations
 + Level 3.0 Shapeshifting


You had 3 spell levels left.
You didn't know any spells.
Your spell library was empty.

Dungeon Overview and Level Annotations

Branches:
Dungeon (3/15)

Altars:
Xom

Shops:
D:3 (:


Innate Abilities, Weirdness & Mutations

You are a hulking beast.
Your limbs bulge with bestial killing power. (Slay +1)
A meltable icy envelope protects you from harm. (AC +4)
A meltable shield of frost defends you. (SH +4)


Message History

You hit the gnoll.
The gnoll is moderately wounded.
The gnoll hits you from afar with a +1 heavy spear.
The gnoll misses you. The gnoll hits you but does no damage.
You hit the gnoll.
The gnoll is heavily wounded.
The gnoll misses you. The gnoll closely misses you.
You block the gnoll's attack.
You hit the gnoll.
The gnoll is almost dead.
You block the gnoll's attack. The gnoll closely misses you.
The gnoll hits you with a +0 flail.
You hit the gnoll.
You kill the gnoll!
The gnoll hits you from afar with a +1 heavy spear.
The gnoll barely misses you. The gnoll hits you with a +0 flail.
You hit the gnoll.
The gnoll is moderately wounded.
The gnoll closely misses you. x2
You closely miss the gnoll.
The gnoll is moderately wounded.
The gnoll hits you from afar with a +1 heavy spear!
The gnoll misses you. You block the gnoll's attack.
You hit the gnoll but do no damage.
The gnoll is moderately wounded.
The gnoll hits you but does no damage. x2; The gnoll hits you with a +0 flail.
The black bear barely misses you. The black bear claws you.
* * * LOW HITPOINT WARNING * * *
The black bear claws you.
* * * LOW HITPOINT WARNING * * *
The gnoll attacks as it pursues you! The gnoll closely misses you.
The gnoll hits you with a +0 flail.
* * * LOW HITPOINT WARNING * * *
It was a potion of invisibility.
You fade into invisibility!
The gnoll barely misses you.
It was a potion of attraction.
You feel attractive to monsters.
The gnoll hits you from afar with a +0 halberd!
You die...

.... . #. ..[.#####.
+##+ +##+. .........
#..# #..#. ......?..
#..#+###+#..#.
$.......#
#..#.....#..#.
....$.).#
+..+.._..'..'. #..gg#
#..#.....#..#.
##...h####..#+###'#..#.
#....gh..#..#.....#..##
#........'##'##+##'##+.
#.......##.....#.....#.
#.......##.....#.....#.
#.......####'##+##'###.
#.......####.##........
#..............#.......
#..............########
..........#


You could see a black bear (unable to see you) and 3 gnolls.

Vanquished Creatures
  A hound (D:2)
  A gnoll (D:3)
  An adder (D:3)
  2 dart slugs
  7 ball pythons
  5 endoplasms
  4 giant cockroaches
  6 hobgoblins
  4 kobolds (D:2)
  6 quokkas
  6 bats
  A frilled lizard (D:2)
  5 goblins
  4 rats
53 creatures vanquished.

Notes
Turn   | Place    | Note
-------+----------+-------------------------------------------
     0 | D:1      | Gadfly the Demonspawn Shapeshifter began the quest for the
                  | Orb.
     0 | D:1      | Reached XP level 1. HP: 15/15 MP: 1/1
   146 | D:1      | Gained mutation: A meltable shield of frost defends you.
                  | (SH +4) [demonic ancestry]
   146 | D:1      | Reached XP level 2. HP: 14/21 MP: 2/2
   334 | D:1      | Reached skill level 1 in Evocations
   701 | D:1      | Gained mutation: A meltable icy envelope protects you from
                  | harm. (AC +4) [demonic ancestry]
   701 | D:1      | Reached XP level 3. HP: 18/26 MP: 3/3
  1282 | D:2      | Reached XP level 4. HP: 17/33 MP: 4/4
  1415 | D:3      | Found Luvunagg's Antique Weapon Boutique.
  1420 | D:3      | Identified the +0 pair of gloves of Proximity {rPois rCorr
                  | Dex+4}
  1520 | D:3      | Found Imipnac's Book Shop.
  1560 | D:3      | Found a shimmering altar of Xom.
  1602 | D:3      | Noticed a black bear
  1613 | D:3      | Mangled by a gnoll

Illustrated notes

Levels and vault maps discovered:
D:1:      minmay_arrival_jagged, layout_loops_ring, amcnicky_mini_pool_small
D:2:      layout_rooms
D:3:      layout_basic, mainiacjoe_overflow_24_doors, serial_shops,
          nicolae_shop_behind_doors, shop, shop

Skill      XL: |  1  2  3  4 |
---------------+-------------+-----
Dodging        | 2 |  2.6
Evocations     | 1 |  1.9
Unarmed Combat | 3 |  3.2
Shapeshifting  | 3 |  3.0
Fighting       | 2 |  2.1

Action                     |  1- 3 |  4- 6 || total
---------------------------+-------+-------++-------
  Melee: Unarmed           |   144 |    51 ||   195
         Punch             |     2 |     3 ||     5
Ability: Begin Untransform |       |     1 ||     1
    Use: Scroll            |     3 |       ||     3
         Potion            |       |     2 ||     2
   Stab: Sleeping          |     2 |       ||     2
 Armour: Animal skin       |    54 |    26 ||    80
  Dodge: Dodged            |    92 |    37 ||   129
  Block: Other             |    21 |    11 ||    32
   Form: Beast             |       |     1 ||     1
